 Dungeon Crawl Stone Soup version 0.28.0-47-ge53b351184 (webtiles) character file.

Game seed: 9785555825004872823

4 scrumboscrunkly the Grave Robber (level 1, -3/13 HPs)
             Began as a Human Necromancer on May 10, 2022.
             Slain by an adder (5 damage)
             ... on level 2 of the Dungeon.
             The game lasted 00:04:00 (487 turns).

scrumboscrunkly the Grave Robber (Human Necromancer) Turns: 487, Time: 00:04:00

Health: -3/13      AC:  2    Str:  8    XL:     1   Next: 66%
Magic:  3/3        EV: 12    Int: 15    God:
Gold:   22         SH:  0    Dex: 13    Spells: 3/4 levels left

rFire   . . .      SeeInvis .   f - +0 falchion
rCold   . . .      Faith    .   (no shield)
rNeg    . . .      Spirit   .   a - +0 robe
rPois   .          Reflect  .   (no helmet)
rElec   .          Harm     .   (no cloak)
rCorr   .          Rampage  .   (no gloves)
Will    .....                   (no boots)
Stlth   ++........              (no amulet)
HPRegen 0.04/turn               (no ring)
MPRegen 0.08/turn               (no ring)

@: no status effects
A: no striking features
a: no special abilities


You were on level 2 of the Dungeon.
You visited 1 branch of the dungeon, and saw 2 of its levels.

You collected 22 gold pieces.

Inventory:

Hand Weapons
 c - a +0 dagger
 f - a +0 falchion (weapon)
Armour
 a - a +0 robe (worn)
Scrolls
 b - 4 scrolls of identify {unknown}
Potions
 d - a potion of lignification {unknown}
 e - a potion of berserk rage {unknown}


   Skills:
 + Level 2.0 Dodging
 + Level 2.0 Stealth
 + Level 2.0 Spellcasting
 + Level 4.2 Necromancy


You had 3 spell levels left.
You knew the following spells:

 Your Spells              Type           Power      Damage    Failure   Level
a - Pain                  Necr           56%        1d6       4%          1

Your spell library contained the following spells:

 Spells                   Type           Power      Damage    Failure   Level
 Animate Skeleton         Necr           28%        N/A       4%          1
 Vampiric Draining        Necr           14%        2d7       12%         3
 Animate Dead             Necr           7%         N/A       36%         4
 Agony                    Necr           14%        N/A       73%         5


Dungeon Overview and Level Annotations

Branches:
Dungeon (2/15)

Altars:


Message History

Casting: Pain (safe; 4% risk of failure)
Confirm with . or Enter, or press ? or * to list all spells.
Aiming: Pain (safe; 4% risk of failure)
Press: ? - help, Shift-Dir - straight line, f/p - giant cockroach
Aim: a giant cockroach (moderately wounded, chance to affect: 83%)
The giant cockroach writhes in agony.
The giant cockroach closely misses you.
Casting: Pain (safe; 4% risk of failure)
Confirm with . or Enter, or press ? or * to list all spells.
Aiming: Pain (safe; 4% risk of failure)
Press: ? - help, Shift-Dir - straight line, f/p - giant cockroach
Aim: a giant cockroach (almost dead, chance to affect: 83%)
The giant cockroach writhes in agony.
You kill the giant cockroach!
You start resting.
Magic restored.
You start resting.
HP restored.
e - a lumpy inky potion
b - 4 scrolls labelled IMU MYKLOSIR (gained 3)
You see here a +0 falchion.
f - a +0 falchion (weapon)
Found 13 gold pieces.
Found a hand axe.
An adder comes into view.
You now have 22 gold pieces (gained 13).
The adder hisses angrily.
Found a grey potion.
You completely miss the adder. The adder closely misses you.
You closely miss the adder. The adder closely misses you. The adder bites you.
You barely miss the adder. You punch the adder.
The adder is lightly wounded.
The adder closely misses you. The adder bites you.
You closely miss the adder.
The adder is lightly wounded.
The adder bites you.
* * * LOW HITPOINT WARNING * * *
You hit the adder.
The adder is moderately wounded.
The adder barely misses you. The adder bites you.
You die...

## ...## ##.#.
#....###
S#...S@.#
#......#.#.#
###....#.#.#
#).....#.#####
#....#....^...
#....#.#$#####
...##.#.#.# .#
..!
#.#.#.###....
.
#.#.#<.......


You could see an adder.

Vanquished Creatures
  A giant cockroach (D:2)
  A goblin (D:1)
  A bat (D:1)
  A frilled lizard (D:2)
4 creatures vanquished.

Vanquished Creatures (others)
  3 plants (D:1)
3 creatures vanquished.

Grand Total: 7 creatures vanquished

Notes
Turn   | Place    | Note
-------+----------+-------------------------------------------
     0 | D:1      | scrumboscrunkly the Human Necromancer began the quest for
                  | the Orb.
     0 | D:1      | Reached XP level 1. HP: 13/13 MP: 3/3
   272 | D:1      | Found a faded altar of an unknown god.
   487 | D:2      | Slain by an adder

Illustrated notes

Levels and vault maps discovered:
D:1:      lightli_arrival_windingriver, layout_basic, basic_ecumenical_altar,
          chequers_serial_rivers_micro_d
D:2:      layout_basic, grunt_decor_cap

Action                   || total
-------------------------++-------
Melee: Unarmed           ||    18
       Falchion          ||     5
       Punch             ||     1
 Cast: Pain              ||     7
Armor: Robe              ||     1
Dodge: Dodged            ||     8
